 Dungeon Crawl Stone Soup version 0.20.1-1-g8b1a95d (webtiles) character file.

3919 troglodite the Skirmisher (level 10, 0/77 HPs)
             Began as a Demonspawn Berserker on Dec 18, 2017.
             Was a High Priest of Trog.
             Killed from afar by a hell hound (15 damage)
             ... with a blast of flame
             ... on level 8 of the Dungeon.
             The game lasted 00:24:37 (6890 turns).

troglodite the Skirmisher (Demonspawn Berserker)    Turns: 6890, Time: 00:24:37

Health: 0/77       AC: 13    Str: 21    XL:     10   Next: 1%
Magic:  28/28      EV: 14    Int: 10    God:    Trog [*****.]
Gold:   104        SH:  5    Dex: 12    Spells: 9/9 levels left

rFire    . . .     SeeInvis +   t - +1 whip of the Equator {venom, rN+ MR+ Str+3}
rCold    . . .     Gourm    .   m - +0 buckler
rNeg     + . .     Faith    .   w - +4 ring mail
rPois    .         Spirit   .   p - +0 helmet of Arushaq {+Fly Int+2 Dex-4 SInv}
rElec    .         Reflect  .   (no cloak)
rCorr    .         Harm     .   o - +0 pair of gloves
MR       +++..                  (no boots)
Stlth    ++++......             (no amulet)
Regen    1.3/turn               f - ring of magical power
MPRegen  0.3/turn               D - ring of magical power

@: lethally poisoned (0 -> 0), berserk cooldown, regenerating, slowed, very slow
A: hooves 1, nightstalker 2, spiny 1, sturdy frame 1
a: Berserk, Trog's Hand, Brothers in Arms, Burn Spellbooks, Renounce Religion,
Evoke Flight


You were on level 8 of the Dungeon.
You worshipped Trog.
Trog was extremely pleased with you.
You were near starving.

You visited 1 branch of the dungeon, and saw 8 of its levels.
You also visited: Ossuary.

You collected 333 gold pieces.
You spent 229 gold pieces at shops.

Inventory:

Hand Weapons
 a - a +1 falchion
 t - the +1 whip of the Equator (weapon) {venom, rN+ MR+ Str+3}
   (You found it on level 4 of the Dungeon)

   It poisons the flesh of those it strikes.
   It affects your strength (+3).
   It protects you from negative energy.
   It affects your resistance to hostile enchantments.
Armour
 k - a +0 helmet
 m - a +0 buckler (worn)
 o - a +0 pair of gloves (worn)
 p - the +0 helmet of Arushaq (worn) {+Fly Int+2 Dex-4 SInv}
   (You took it off Robin on level 2 of the Dungeon)

   It affects your intelligence (+2).
   It affects your dexterity (-4).
   It lets you see invisible.
   It lets you fly.
 w - a +4 ring mail (worn)
 H - a +0 ring mail of fire resistance
Jewellery
 f - a ring of magical power (left hand)
 D - a ring of magical power (right hand)
Wands
 q - a wand of confusion (23/48)
 y - a wand of scattershot (7/9)
 B - a wand of lightning (11/15)
 E - a wand of paralysis (19/24)
 L - a wand of polymorph (10/24)
Scrolls
 d - 2 scrolls of remove curse
 e - 3 scrolls of fog
 i - 4 scrolls of amnesia {unknown}
 l - 2 scrolls of blinking
 u - a scroll of magic mapping
 x - 3 scrolls of teleportation
 z - a scroll of enchant armour {unknown}
 C - a scroll of fear
 F - a scroll of noise {unknown}
 M - a scroll of recharging
 O - a scroll of enchant weapon
Potions
 b - 5 potions of curing
 g - 8 potions of agility
 j - a potion of lignification
 n - a potion of haste
 r - a potion of invisibility {unknown}
 s - 2 potions of heal wounds
 v - 4 potions of flight
 A - a potion of berserk rage {unknown}
 G - 2 potions of resistance
 J - a potion of mutation {unknown}
 N - a potion of ambrosia {unknown}
Comestibles
 c - 6 bread rations
 h - 2 meat rations
 K - a royal jelly


   Skills:
 * Level 6.5 Fighting
 + Level 4.5 Long Blades
 + Level 4.7 Maces & Flails
 * Level 6.4 Armour
 * Level 5.7 Dodging
 * Level 4.4 Stealth
 * Level 4.1 Shields


You had 9 spell levels left.
You didn't know any spells.

Dungeon Overview and Level Annotations

Branches:
Dungeon (8/15)             Temple (0/1) D:5            Lair (0/6) D:8

Altars:
Dithmenos
Gozag
Kikubaaqudgha
Qazlal
Ru
Sif Muna
Uskayaw
Vehumet
Zin
The Shining One

Shops:
D:5 ?   D:7 *[((


Innate Abilities, Weirdness & Mutations

You have large cloven feet.
You are significantly more attuned to the shadows.
You are partially covered in sharp spines.
Your movements are slightly less encumbered by armour. (ER -2)


Message History

You kick the hell hound, but do no damage.
The hell hound is severely wounded.
The hell hound bites you but does no damage.
The hell hound is struck by your spines.
The hell hound bites you but does no damage.
Your skin crawls.
You feel resistant to hostile enchantments.
You are near starving!
The hell hound bites you but does no damage.
The hornet stings you!
* * * LOW HITPOINT WARNING * * *
You are poisoned.
You feel as though you will be slow longer.
You block the hell hound's attack.
You barely miss the hell hound. Your kick misses the hell hound.
The hell hound is almost dead.
You feel sick. The hornet closely misses you.
The hell hound breathes flames at you. The blast of flame hits you!
You die...

*,,,,,,,,,,,,,,,,,,,,,**,****...,
*,,,,,,,,,*,,,,,,..,,,,,,* *....
*,,,,,,,,,*,,,,,##.**,...* *....
,,,,,,,,,,*,.......##....*****,#.
*,,,,,,,,,,,........#....#.....##
,,,,,,,,,,,,*#....#.#....#.....#
≈≈≈≈≈,**,,,,*#.$..#......#.....##
*,**≈,**,,,.##.yh......#.#.......
,,,*≈,,**,,.....@)†....#.#.......
,∩,*≈,,**,,............#.#.......
,,,*≈,,**,,.....#......#.........
****≈,,**,,.....#..............##
≈≈≈≈≈,,**,,.....######...#######
,,,,,,,****#####* ##..# ,**,,,,*
#..# ,******* #.># ** #h##


You could see a hornet and a hell hound.

Vanquished Creatures
  A two-headed ogre (D:8)
  Sigmund (D:3)
  A wraith (Ossuary)
  Menkaure (D:5)
  A hell hound (D:8)
  2 orc warriors
  A sky beast (D:8)
  2 black bears (D:6)
  A phantom (D:6)
  An ogre (D:6)
  3 centaurs
  Blork the orc (D:6)
  3 bullfrogs
  A scorpion (D:7)
  7 wights
  A howler monkey (D:7)
  2 crimson imps
  A bullfrog zombie (D:5)
  3 jellies
  4 hounds
  2 orc priests
  9 orc wizards
  Jessica (D:2)
  4 iguanas
  Ijyb (D:3)
  9 worker ants
  A big kobold zombie (Ossuary)
  3 mummies (Ossuary)
  Robin (D:2)
  A howler monkey skeleton (D:5)
  7 adders
  An ooze (D:2)
  4 dart slugs
  3 leopard geckos
  33 orcs
  6 bats
  A giant cockroach (D:1)
  A gnoll zombie (Ossuary)
  8 goblins
  11 hobgoblins
  10 kobolds
  3 quokkas
  4 frilled lizards
  3 goblin zombies (Ossuary)
  A hobgoblin zombie (Ossuary)
  A kobold zombie (Ossuary)
  A leopard gecko skeleton (D:5)
  5 rats
173 creatures vanquished.

Vanquished Creatures (others)
  An adder (D:6)
1 creature vanquished.

Grand Total: 174 creatures vanquished

Notes
Turn   | Place    | Note
-------+----------+-------------------------------------------
     0 | D:1      | troglodite the Demonspawn Berserker began the quest for the Orb.
     0 | D:1      | Reached XP level 1. HP: 18/18 MP: 1/1
   165 | D:1      | Gained mutation: Your movements are slightly less encumbered by armour. (ER -2) [demonic ancestry]
   165 | D:1      | Reached XP level 2. HP: 22/24 MP: 2/2
   831 | D:2      | Gained mutation: You have large cloven feet. [demonic ancestry]
   831 | D:2      | Reached XP level 3. HP: 25/29 MP: 3/3
   862 | D:2      | Reached ** piety under Trog
   867 | D:2      | Noticed Robin
   876 | D:2      | Killed Robin
   876 | D:2      | Reached skill level 1 in Shields
   880 | D:2      | Got a smoking helmet
   897 | D:2      | Identified the +0 helmet of Arushaq {+Fly Int+2 Dex-4 SInv} (You took it off Robin on level 2 of the Dungeon)
  1058 | D:2      | Noticed Jessica
  1066 | D:2      | Killed Jessica
  1066 | D:2      | Gained mutation: You are partially covered in sharp spines. [demonic ancestry]
  1066 | D:2      | Reached XP level 4. HP: 37/37 MP: 4/4
  1146 | D:2      | Found a glowing golden altar of the Shining One.
  1638 | D:3      | Found an ancient bone altar of Kikubaaqudgha.
  1721 | D:3      | Reached XP level 5. HP: 37/42 MP: 5/5
  1755 | D:3      | Noticed Sigmund
  1773 | D:3      | Killed Sigmund
  1773 | D:3      | Gained mutation: You are slightly more attuned to the shadows. [demonic ancestry]
  1773 | D:3      | Reached XP level 6. HP: 28/48 MP: 6/6
  1975 | D:3      | Noticed Ijyb
  1983 | D:3      | Killed Ijyb
  2140 | D:3      | Reached *** piety under Trog
  2370 | D:4      | Got an ichor-stained whip
  2385 | D:4      | Found a sand-covered staircase.
  2398 | Ossuary  | Entered an ossuary
  2398 | Ossuary  | Noticed a wraith
  2398 | Ossuary  | Noticed a wraith
  2399 | Ossuary  | Identified the cursed +1 whip of the Equator {venom, rN+ MR+ Str+3} (You found it on level 4 of the Dungeon)
  2402 | Ossuary  | Noticed a wraith
  2607 | Ossuary  | Noticed a wraith
  2623 | Ossuary  | Killed a wraith
  2873 | Ossuary  | Reached XP level 7. HP: 55/55 MP: 7/7
  3041 | Ossuary  | Reached skill level 1 in Maces & Flails
  3347 | D:4      | Found a glowing silver altar of Zin.
  3376 | D:4      | Reached skill level 5 in Fighting
  3957 | D:5      | Entered Level 5 of the Dungeon
  4041 | D:5      | Found a radiant altar of Vehumet.
  4062 | D:5      | Found an opulent altar of Gozag.
  4065 | D:5      | Found a deep blue altar of Sif Muna.
  4067 | D:5      | Found a hide-covered altar of Uskayaw.
  4068 | D:5      | Found a shadowy altar of Dithmenos.
  4097 | D:5      | Reached skill level 1 in Stealth
  4188 | D:5      | Noticed Menkaure
  4195 | D:5      | Killed Menkaure
  4292 | D:5      | Found a staircase to the Ecumenical Temple.
  4306 | D:5      | Reached XP level 8. HP: 57/62 MP: 8/8
  4718 | D:5      | Found Jeotsi's Magic Scroll Shop.
  4779 | D:5      | Reached **** piety under Trog
  5749 | D:6      | Reached skill level 5 in Armour
  5918 | D:6      | Noticed Blork the orc
  5925 | D:6      | Killed Blork the orc
  5925 | D:6      | Reached XP level 9. HP: 66/69 MP: 9/9
  5951 | D:6      | Found a sacrificial altar of Ru.
  6195 | D:7      | Found a stormy altar of Qazlal.
  6287 | D:7      | Found a glowing golden altar of the Shining One.
  6414 | D:7      | Found Lokhlob's Weapon Shop.
  6418 | D:7      | Found Wucleror's General Store.
  6440 | D:7      | Reached ***** piety under Trog
  6479 | D:7      | Found Oxkecoph's Antique Weapon Shop.
  6479 | D:7      | Found Jyll's Armour Shop.
  6498 | D:7      | Bought an encrusted trident for 229 gold pieces
  6807 | D:8      | Reached skill level 5 in Dodging
  6842 | D:8      | Noticed a two-headed ogre
  6855 | D:8      | Killed a two-headed ogre
  6868 | D:8      | HP: 2/106 [hell hound (4)]
  6871 | D:8      | Gained mutation: You are significantly more attuned to the shadows. [demonic ancestry]
  6871 | D:8      | Reached XP level 10. HP: 3/77 MP: 10/10
  6890 | D:8      | Killed from afar by a hell hound

Skill      XL: |  1  2  3  4  5  6  7  8  9 |
---------------+----------------------------+-----
Long Blades    | 3 4 |  4.5
Armour         | 2 3 5 6 |  6.4
Dodging        | 2 3 4 5 |  5.7
Shields        | 1 2 3 4 |  4.1
Fighting       | 4 5 6 |  6.5
Maces & Flails | 2 3 4 |  4.7
Stealth        | 1 3 4 |  4.4

Action                   |  1- 3 |  4- 6 |  7- 9 | 10-12 || total
-------------------------+-------+-------+-------+-------++-------
Melee: Falchion          |    78 |    71 |       |       ||   149
       Kick              |     9 |    27 |    97 |     4 ||   137
       Whip              |       |    36 |   306 |     5 ||   347
Invok: Berserk           |       |     2 |     5 |       ||     7
       Burn Spellbooks   |       |     1 |     3 |       ||     4
       Trog's Hand       |       |       |       |     1 ||     1
  Use: Scroll            |       |     9 |     8 |       ||    17
       Potion            |       |       |       |     1 ||     1
 Stab: Sleeping          |       |       |     5 |       ||     5
  Eat: Chunk             |     1 |     4 |    15 |       ||    20
       Royal jelly       |       |     1 |     1 |       ||     2
Armor: Animal skin       |     5 |       |       |       ||     5
       Ring mail         |    19 |    11 |    77 |     3 ||   110
       Chain mail        |       |    27 |       |       ||    27
Dodge: Dodged            |    48 |    40 |   148 |     5 ||   241
Block: Buckler           |     8 |    17 |    53 |     3 ||    81
       Rpst.: Falchion   |    14 |     8 |       |       ||    22
